 Dungeon Crawl Stone Soup version 0.31.0-32-g396128a36d (webtiles) character file.

Game seed: 15357051821668198840

13932 rockboris the Geomancer (level 12, -18/59 HPs)
             Began as a Gargoyle Earth Elementalist on Mar 20, 2024.
             Was an Elder of Vehumet.
             Demolished by a centaur warrior simulacrum (20 damage)
             ... on level 11 of the Dungeon on Mar 21, 2024.
             The game lasted 01:18:21 (14111 turns).

rockboris the Geomancer (GrEE)                     Turns: 14111, Time: 01:18:22

Health: -18/59     AC: 14    Str: 14    XL:     12   Next: 11%
Magic:  20/26      EV: 11    Int: 24    God:    Vehumet [****..]
Gold:   545        SH:  0    Dex: 10    Spells: 24/32 levels left

rFire   . . .        b - +2 dagger (venom)
rCold   . . .        (no shield)
rNeg    + . .        G - +0 robe
rPois   ∞            l - +0 helmet of Instinct {Int+5}
rElec   +            E - +0 cloak
rCorr   .            q - +1 pair of gloves
SInv    .            (no boots)
Will    .....        A - amulet of magic regeneration
Stlth   ++           (no ring)
HPRegen 0.29/turn    (no ring)
MPRegen 0.60/turn

%: no passive effects
@: studying Necromancy
A: sickness immunity, AC +8, negative energy resistance 1, electricity
resistance, torment resistance 1, petrification resistance
a: Renounce Religion


You were on level 11 of the Dungeon.
You worshipped Vehumet.
Vehumet was greatly pleased with you.
You visited 2 branches of the dungeon, and saw 13 of its levels.
You also visited: Sewer.

You collected 578 gold pieces.
You spent 33 gold pieces at shops.

Inventory:

Hand Weapons
 b - a +2 dagger of venom (weapon)
 i - a +2 dagger of protection
 k - a +0 quick blade
 H - a +1 dagger of speed
Armour
 l - the +0 helmet of Instinct (worn) {Int+5}
   (You took it off Robin on level 2 of the Dungeon)

   Int+5:     It affects your intelligence (+5).
 q - a +1 pair of gloves (worn)
 B - the +1 leather armour "Piojuos" {Regen+ Str-5 Dex+3 SInv}
   (You found it on level 6 of the Dungeon)

   Str-5:     It affects your strength (-5).
   Dex+3:     It affects your dexterity (+3).
   SInv:      It lets you see invisible.
   Regen+:    It increases your rate of health regeneration.
 E - a +0 cloak (worn)
 G - a +0 robe (worn)
Magical Staves
 a - a staff of conjuration
Jewellery
 n - an amulet of regeneration
 A - an amulet of magic regeneration (around neck)
 C - a ring of ice
Scrolls
 d - a scroll of noise
 h - 8 scrolls of teleportation
 j - 3 scrolls of immolation
 m - 2 scrolls of fog
 o - a scroll of torment
 t - 3 scrolls of enchant weapon
 u - 2 scrolls of poison
 y - a scroll of blinking
 D - 2 scrolls of butterflies
Potions
 c - a potion of lignification
 e - 2 potions of invisibility
 f - 3 potions of brilliance
 g - 2 potions of magic
 p - 5 potions of curing
 r - a potion of ambrosia
 s - 4 potions of heal wounds
 w - 3 potions of mutation
 x - 2 potions of cancellation
 z - 3 potions of resistance
 I - 3 potions of attraction


   Skills:
 - Level 1.5 Dodging
 - Level 2.1 Stealth
 + Level 10.6 Spellcasting
 + Level 12.1 Conjurations
 + Level 13.6 Earth Magic


You had 24 spell levels left.
You knew the following spells:

 Your Spells              Type           Power      Damage    Failure   Level
a - Sandblast             Erth           100%       2d20      0%          1
b - Stone Arrow           Conj/Erth      100%       3d13      1%          3
c - Brom's Barrelling Bo  Conj/Erth      65%        2d8       1%          4

Your spell library contained the following spells:

 Spells                   Type           Power      Damage    Failure   Level
 Freezing Cloud           Conj/Ice/Air   16%        6-21      7%          5
 Kiss of Death            Conj/Necr      100%       2d13      1%          1
 Shock                    Conj/Air       100%       1d9       1%          1
 Passwall                 Erth           67%        N/A       1%          3
 Flame Wave               Conj/Fire      41%        2d11      1%          4
 Scorch                   Fire           24%        2d6       2%          2
 Petrify                  Alch/Erth      45%        N/A       3%          4
 Apportation              Tloc           24%        N/A       4%          1
 Summon Small Mammal      Summ           48%        N/A       4%          1
 Jinxbite                 Hex            24%        N/A       8%          2
 Airstrike                Air            6%         2d(1-17)  13%         4
 Call Canine Familiar     Summ           12%        N/A       16%         3
 Confusing Touch          Hex            12%        N/A       16%         3
 Sigil of Binding         Hex            12%        N/A       16%         3
 Swiftness                Air            12%        N/A       16%         3
 Dimensional Bullseye     Hex/Tloc       6%         N/A       45%         4
 Dispel Undead            Necr           12%        3d9       45%         4
 Summon Blazeheart Golem  Fire/Summ      12%        N/A       45%         4
 Alistair's Intoxication  Alch           8%         N/A       80%         5
 Summon Forest            Summ/Tloc      6%         N/A       80%         5
 Summon Mana Viper        Hex/Summ       12%        N/A       80%         5
 Eringya's Noxious Bog    Alch           6%         4d6       86%         6
 Summon Cactus Giant      Summ           6%         N/A       100%        6
 Summon Hydra             Summ           6%         N/A       100%        7


Dungeon Overview and Level Annotations

Branches:
Dungeon (12/15)            Temple (1/1) D:5            Lair (0/5) D:11
    Orc (0/2) D:10          Sewer (visited)

Altars:
Ashenzari
Cheibriados
Dithmenos
Elyvilon
Fedhas
Gozag
Hepliaklqana
Kikubaaqudgha
Makhleb
Nemelex Xobeh
Okawaru
Qazlal
Ru
Sif Muna
Trog
Uskayaw
Vehumet
Wu Jian
Xom
Yredelemnul
Zin
The Shining One

Shops:
D:1 [   D:6 (:??[   D:12 (

Annotations:
D:6 2 runed translucent doors, phunky83's ghost, novice MiBe
D:8 1 exclusion
D:9 2 transporters, unihiutale's ghost, novice OpDe
D:12 exclusion: door
Temple 2 transporters


Innate Abilities, Weirdness & Mutations

You are immune to sickness and miasma.
Your stone body is resilient. (AC +8)
You are immune to poison.
You resist negative energy. (rN+)
You are resistant to electric shocks. (rElec)
You are resistant to unholy torment.
You are immune to petrification.


Message History

Vehumet accepts your kill.
You feel your power returning. The acid dragon bites you.
The acid dragon claws you but does no damage.
Aiming: Stone Arrow (safe; 1% risk of failure)
Press: ? - help, Q - select action, (/) - cycle Shift-Dir - straight line, f/p - acid dragon
Aim: an acid dragon (almost dead, 78% to hit)
The stone arrow misses the acid dragon.
The acid dragon spits acid at you. The splash of acid misses you.
Aiming: Stone Arrow (safe; 1% risk of failure)
Press: ? - help, Q - select action, (/) - cycle Shift-Dir - straight line, f/p - acid dragon
Aim: an acid dragon (almost dead, catching its breath, 78% to hit)
The stone arrow hits the acid dragon!!
You kill the acid dragon!
Vehumet accepts your kill.
You start resting.
A centaur warrior simulacrum comes into view.
Things that are here:
3 large rocks; a cyclops corpse The centaur warrior simulacrum attacks as it pursues you!
The centaur warrior simulacrum barely misses you.
The centaur warrior simulacrum kicks you but does no damage.
The centaur warrior simulacrum hits you.
The centaur warrior simulacrum freezes you!!
The centaur warrior simulacrum kicks you but does no damage.
The centaur warrior simulacrum attacks as it pursues you!
The centaur warrior simulacrum hits you!
* * * LOW HITPOINT WARNING * * *
The centaur warrior simulacrum freezes you!
* * * LOW HITPOINT WARNING * * *
The centaur warrior simulacrum kicks you but does no damage.
You see here a potion of degeneration.
You are no longer corroded.
The centaur warrior simulacrum attacks as it pursues you!
The centaur warrior simulacrum barely misses you.
The centaur warrior simulacrum kicks you.
* * * LOW HITPOINT WARNING * * *
The centaur warrior simulacrum freezes you!!
You die...

#.........# #.#......(#
##.######.#
#).#.#.######### #.# #.#
#....†.†.......#### #.#
#(# ##.#.#[#######.†...
#.######.# ##...##
######
####.##.....######.##
#.##.##.....(..########
..............#.#Z###%#
#.####...<...###@#.#(#.#
#.# #.......##.#.#.###.#
#.# #.####..###.#.#.#
#.# #.#
#........###.#.#.# #.#
#.# ##.####.###.#.#.#.#
#.# #.# #.# #.##[#
#.#.#.# #.# #.# #.#
#.### #.#.#.# #. #.#
##.## #.# #.#.#.# #.#
#...# #.# #.#.#[


You could see a centaur warrior simulacrum.

Vanquished Creatures
  A catoblepas (D:8)
  A centaur warrior (D:11)
  2 boulder beetles (D:11)
  Erica (D:8)
  A two-headed ogre (D:9)
  A deep elf pyromancer (D:12)
  3 cyclopes (D:11)
  An unseen horror (D:8)
  A kobold demonologist (D:11)
  3 hornets
  A troll (D:10)
  A polar bear (D:11)
  A slime creature (D:12)
  2 shadows (D:11)
  A wyvern (D:8)
  A centaur simulacrum (D:11)
  A vampire (D:11)
  A water elemental (D:11)
  A wraith (D:12)
  3 yaks
  A vampire mosquito (D:11)
  An acid dragon (D:11)
  A water moccasin (D:8)
  4 orc warriors
  Duvessa (D:6)
  3 ice beasts
  A sky beast (D:7)
  4 ogres
  2 wolves (D:11)
  3 black bears
  4 centaurs
  2 phantoms
  3 kobold brigands
  7 bullfrogs
  A gnoll sergeant (D:5)
  A scorpion (shapeshifter) (D:11)
  4 scorpions
  8 wights
  Dowan (D:6)
  8 killer bees
  An electric eel (D:11)
  A howler monkey (D:5)
  4 hounds
  8 jellies
  2 bombardier beetles
  7 orc priests
  An iguana (D:6)
  A sleepcap (D:6)
  Crazy Yiuf (D:7)
  Natasha (thrice) (D:2)
  12 orc wizards
  Robin (D:2)
  7 adders
  8 gnolls (D:5)
  2 river rats (Sewer)
  4 white imps
  3 ufetubi
  3 dart slugs
  4 ribbon worms
  33 orcs
  7 endoplasms
  14 giant cockroaches
  6 hobgoblins
  7 jackals
  5 quokkas
  10 ball pythons
  8 bats
  4 frilled lizards
  15 goblins
  18 kobolds
  14 rats
302 creatures vanquished.

Vanquished Creatures (collateral kills)
  A boulder (D:8)
1 creature vanquished.

Vanquished Creatures (others)
  3 boulders (D:11)
3 creatures vanquished.

Grand Total: 306 creatures vanquished

Notes
Turn   | Place    | Note
-------+----------+-------------------------------------------
     0 | D:1      | rockboris the Gargoyle Earth Elementalist began the quest
                  | for the Orb.
     0 | D:1      | Reached XP level 1. HP: 10/10 MP: 3/3
     3 | D:1      | Found Viergh Zovuha's Armour Boutique.
     5 | D:1      | Noticed a death yak
    29 | D:1      | Noticed an anaconda
   409 | D:1      | Reached XP level 2. HP: 15/15 MP: 1/5
   550 | D:1      | Reached skill level 4 in Earth Magic
   812 | D:1      | Reached XP level 3. HP: 19/19 MP: 6/6
   996 | D:2      | Learned a level 3 spell: Stone Arrow
  1053 | D:2      | Identified the +0 helmet of Instinct {Int+5}
  1053 | D:2      | Noticed Robin
  1178 | D:2      | Reached XP level 4. HP: 24/24 MP: 6/8
  1182 | D:2      | Killed Robin
  1299 | D:2      | Noticed Natasha
  1303 | D:2      | Killed Natasha
  1326 | D:2      | Noticed Natasha
  1346 | D:2      | Killed Natasha
  1347 | D:2      | Reached XP level 5. HP: 24/28 MP: 5/9
  1380 | D:2      | Noticed Natasha
  1749 | D:2      | Killed Natasha
  1750 | D:2      | Reached skill level 5 in Earth Magic
  2562 | D:4      | Reached XP level 6. HP: 32/32 MP: 6/11
  2845 | D:4      | Reached skill level 6 in Earth Magic
  2845 | D:4      | Reached XP level 7. HP: 36/36 MP: 9/13
  3753 | D:5      | Entered Level 5 of the Dungeon
  3858 | D:5      | Found a staircase to the Ecumenical Temple.
  3863 | Temple   | Found a transporter.
  3863 | Temple   | Found a transporter.
  3863 | Temple   | Found a transporter.
  3863 | Temple   | Found a transporter.
  3863 | Temple   | Entered the Ecumenical Temple
  3877 | Temple   | Became a worshipper of Vehumet
  3902 | D:5      | Reached skill level 5 in Conjurations
  3946 | D:5      | Learned a level 4 spell: Brom's Barrelling Boulder
  4157 | D:5      | Reached skill level 5 in Spellcasting
  4157 | D:5      | Reached skill level 7 in Earth Magic
  4157 | D:5      | Reached XP level 8. HP: 41/41 MP: 10/15
  5322 | D:6      | Found a glowing drain.
  5365 | Sewer    | Entered a sewer
  5408 | Sewer    | Reached * piety under Vehumet
  5408 | Sewer    | Offered knowledge of Magic Dart by Vehumet.
  5533 | Sewer    | Found a viscous altar of Jiyva.
  5671 | D:6      | Reached skill level 8 in Earth Magic
  5792 | D:6      | Found Janodghid's Magic Scroll Shop.
  6181 | D:6      | Found Lack's Armour Boutique.
  6418 | D:6      | Found a large runed translucent door.
  6418 | D:6      | Found a large runed translucent door.
  6427 | D:6      | Noticed phunky83's ghost (novice MiBe)
  6487 | D:6      | Identified the +1 leather armour "Piojuos" {Regen+ Str-5
                  | Dex+3 SInv}
  6500 | D:6      | Found Neicsu Jonuo's Weapon Shoppe.
  6596 | D:6      | Reached XP level 9. HP: 45/45 MP: 10/18
  6671 | D:6      | Found Iquibit's Book Boutique.
  6684 | D:6      | Noticed Duvessa
  7132 | D:7      | Offered knowledge of Sting by Vehumet.
  7183 | D:7      | Reached ** piety under Vehumet
  7184 | D:7      | Reached skill level 9 in Earth Magic
  7927 | D:7      | Found a runed translucent door.
  7928 | D:7      | Noticed Crazy Yiuf
  8106 | D:7      | Killed Crazy Yiuf
  8198 | D:6      | Noticed Dowan
  8200 | D:6      | Killed Duvessa
  8203 | D:6      | Killed Dowan
  8566 | D:6      | Found Baujuh's Magic Scroll Emporium.
  8758 | D:6      | Bought a scroll of teleportation for 33 gold pieces
  8791 | D:8      | Reached skill level 10 in Earth Magic
  8872 | D:8      | Found a blossoming altar of Fedhas.
  8894 | D:8      | Found a burning altar of Makhleb.
  9268 | D:8      | Offered knowledge of Frozen Ramparts by Vehumet.
  9269 | D:8      | Reached XP level 10. HP: 50/50 MP: 13/21
  9554 | D:8      | Noticed Erica
  9857 | D:8      | Killed an unseen horror
  9938 | D:8      | Noticed a boulder beetle
  9938 | D:8      | Noticed a catoblepas
  9938 | D:8      | Noticed a centaur warrior
  9973 | D:8      | Killed a catoblepas
 10176 | D:8      | Found a snail-covered altar of Cheibriados.
 10176 | D:8      | Found a bloodstained altar of Trog.
 10300 | D:8      | Killed Erica
 10301 | D:8      | Reached skill level 11 in Earth Magic
 10363 | D:9      | Reached *** piety under Vehumet
 10719 | D:9      | Noticed a two-headed ogre
 10797 | D:9      | Found a transporter.
 10805 | D:9      | Noticed unihiutale's ghost (novice OpDe)
 10806 | D:9      | Noticed an ice dragon
 10807 | D:9      | Noticed a moth of wrath
 10837 | D:9      | Found a transporter.
 10912 | D:8      | Reached skill level 10 in Conjurations
 10928 | D:9      | Offered knowledge of Dazzling Flash by Vehumet.
 11142 | D:9      | Killed a two-headed ogre
 11143 | D:9      | Reached XP level 11. HP: 54/54 MP: 17/24
 11333 | D:10     | Entered Level 10 of the Dungeon
 11572 | D:10     | Found a hazy altar of Hepliaklqana.
 11694 | D:10     | Reached skill level 12 in Earth Magic
 11951 | D:10     | Found a staircase to the Orcish Mines.
 12110 | D:10     | Reached **** piety under Vehumet
 12291 | D:11     | Found a staircase to the Lair.
 12429 | D:11     | Noticed a centaur warrior
 12445 | D:11     | Killed a centaur warrior
 12775 | D:11     | Noticed a cyclops
 12868 | D:11     | Noticed a boulder beetle
 12941 | D:12     | Noticed a white ugly thing
 12993 | D:11     | Killed a cyclops
 13040 | D:11     | Offered knowledge of Freezing Cloud by Vehumet.
 13043 | D:11     | Noticed a cyclops
 13158 | D:11     | Noticed a cyclops
 13161 | D:11     | Killed a cyclops
 13257 | D:12     | Found Ylij's Weapon Shoppe.
 13260 | D:12     | Noticed a deep elf pyromancer
 13286 | D:12     | Killed a deep elf pyromancer
 13287 | D:12     | Reached skill level 10 in Spellcasting
 13341 | D:12     | Found a gate leading to a gauntlet.
 13369 | D:12     | Noticed a manticore
 13590 | D:12     | Noticed a boulder beetle
 13615 | D:12     | Reached skill level 13 in Earth Magic
 13779 | D:11     | Killed a boulder beetle
 13860 | D:11     | Noticed a boulder beetle
 13875 | D:11     | Killed a boulder beetle
 13876 | D:11     | Reached XP level 12. HP: 43/59 MP: 26/26
 14111 | D:11     | HP: 2/59 [centaur warrior simulacrum (2)]
 14111 | D:11     | Demolished by a centaur warrior simulacrum

Illustrated notes

Levels and vault maps discovered:
D:1:      sevenhm_arrival_forest_fort_small_2, layout_loops_corners,
          serial_shops, shop
D:2:      layout_rooms, minmay_misc_feat_square, grunt_ministairs_11,
          skrybe_limestone_x, kennysheep_potato, uniq_natasha, uniq_robin
D:3:      layout_loops_ring, minmay_misc_feat_four_crosses,
          kennysheep_generic_room_3
D:4:      layout_basic, minmay_misc_feat_room, minmay_goblin_outpost
D:5:      layout_loops_corners, temple_doors_e
D:6:      layout_layer_cave, serial_shops, nicolae_book_shop_shelving,
          nicolae_shop_real_fake_doors, nicolae_shop_rolled_up, shop,
          nicolae_shop_waterfront, ebering_ghost_disaster_area,
          gup_sewer_entry_pipe, uniq_duvessa
D:7:      layout_cave_pools, abandoned_shop, uniq_crazy_yiuf_cottage
D:8:      minmay_the_grid_triangle_9x9_rhombus_thin
          [minmay_the_grid_triangle_9x9_steps,
          minmay_the_grid_triangle_9x9_prize_insulated,
          minmay_the_grid_triangle_9x9_shrine,
          minmay_the_grid_triangle_9x9_zippers_vertical], layout_loops_corners,
          mainiacjoe_overflow_catch_the_wave, gammafunk_temple_overflow_wave,
          uniq_erica
D:9:      layout_basic, gammafunk_ghost_berserking_beasts
D:10:     layout_irregular_city, worldfamousw_hep_ancestral_shrine, orc_0_dummy
D:11:     minmay_imperfect_grid, layout_loops_ring, serial_ice, serial_ice_a,
          serial_ice_d, serial_ice_h, serial_ice_i, uniq_sonja
D:12:     hangedman_cross_veins, layout_long_grid, serial_shops, shop,
          gauntlet_entry_generic
Temple:   hellmonk_temple_divided_pantheon

Skill      XL: |  1  2  3  4  5  6  7  8  9 10 11 12 |
---------------+-------------------------------------+-----
Earth Magic    | 4 5 6 7 8 10 11 13 | 13.6
Conjurations   | 2 3 4 5 6 8 10 11 12 | 12.1
Spellcasting   | 3 4 5 6 7 9 10 | 10.6
Dodging        | |  1.5
Stealth        | |  2.1

Action                     |  1- 3 |  4- 6 |  7- 9 | 10-12 || total
---------------------------+-------+-------+-------+-------++-------
  Melee: Dagger            |    65 |    69 |    90 |    41 ||   265
         Punch             |     1 |       |       |       ||     1
   Cast: Sandblast         |    26 |    21 |    54 |     1 ||   102
         Stone Arrow       |       |     9 |    91 |   184 ||   284
         Brom's Barrelling |       |       |       |     8 ||     8
    Use: Scroll            |       |     5 |     8 |    10 ||    23
         Potion            |       |       |     1 |       ||     1
   Stab: Sleeping          |       |     1 |     1 |       ||     2
 Armour: Robe              |    28 |    46 |    75 |   139 ||   288
         Skin              |       |     3 |       |       ||     3
  Dodge: Dodged            |    49 |    44 |    73 |    74 ||   240
